 Dungeon Sprint DCSS version 0.28-a0-247-gb8bfbab023 (webtiles) character file.

Game seed: 2465728500078980503

138 MikeHunt the Covert (level 8, -2/52 HPs)
             Began as a Kobold Brigand on Aug 25, 2021.
             Was an Initiate of Gozag.
             Slain by an ogre mage (16 damage)
             ... while paralysed by an ogre mage
             ... in the Dungeon (Sprint VI: "Thunderdome").
             The game lasted 00:06:26 (615 turns).

MikeHunt the Covert (Kobold Brigand)                 Turns: 615, Time: 00:06:27

Health: -2/52      AC:  3    Str: 13    XL:     8   Next: 22%
Magic:  8/8        EV:  3    Int: 13    God:    Gozag
Gold:   203        SH:  0    Dex: 26    Spells: 7/7 levels left

rFire   + . .      SeeInvis .   u - +0 quick blade
rCold   + + .      Faith    .   p - +0 buckler of Taudd {rPois rC+ Str-4 Dex+2}
rNeg    + . .      Spirit   .   b - +0 robe
rPois   +          Reflect  +   (no helmet)
rElec   .          Harm     .   c - +0 cloak
rCorr   .          Rampage  .   (no gloves)
Will    +....      NoTele   +   (no boots)
Stlth   ++++++....              q - amulet of Zaobosur {Reflect Fragile rF+ Regen+ SH+5}
HPRegen 1.17/turn               s - ring of Azoah {Contam rN+ Str+7 Dex+5}
MPRegen 0.11/turn               t - ring of Kuvanwim {Fly rC+ Will+ Dex+3}

@: paralysed, flying
A: small, no large weapons, nightstalker 3
a: Renounce Religion, Potion Petition, Call Merchant, Bribe Branch


You were in the Dungeon.
You worshipped Gozag.
Gozag was aware of your devotion.
You visited 1 branch You collected 1570 gold pieces.
You spent 1367 gold pieces at shops.

Inventory:

Hand Weapons
 a - a +2 dagger
 u - a +0 quick blade (weapon)
Missiles
 d - 8 poisoned darts (quivered)
 e - 2 curare-tipped darts
Armour
 b - a +0 robe (worn)
 c - a +0 cloak (worn)
 p - the +0 buckler of Taudd (worn) {rPois rC+ Str-4 Dex+2}
   (You bought it in a shop in the Dungeon)

   Str:       It affects your strength (-4).
   Dex:       It affects your dexterity (+2).
   rC:        It protects you from cold.
   rPois:     It protects you from poison.
Jewellery
 q - the amulet of Zaobosur (around neck) {Reflect Fragile rF+ Regen+ SH+5}
   (You bought it in a shop in the Dungeon)

   [amulet of reflection]

   It reflects blocked missile attacks.
   rF:        It protects you from fire.
   Regen:     It increases your rate of health regeneration.
   Fragile:   It will be destroyed if unequipped.
   SH:        It affects your SH (+5).
 r - the ring of Veihas {MP+9 Int+5}
   (You bought it in a shop in the Dungeon)

   [ring of magical power]

   Int:       It affects your intelligence (+5).
   MP:        It affects your magic capacity (+9).
 s - the ring of Azoah (left hand) {Contam rN+ Str+7 Dex+5}
   (You bought it in a shop in the Dungeon)

   [ring of positive energy]

   Str:       It affects your strength (+7).
   Dex:       It affects your dexterity (+5).
   rN:        It protects you from negative energy.
   Contam:    It causes magical contamination when unequipped.
 t - the ring of Kuvanwim (right hand) {Fly rC+ Will+ Dex+3}
   (You bought it in a shop in the Dungeon)

   [ring of flight]

   Dex:       It affects your dexterity (+3).
   rC:        It protects you from cold.
   Fly:       It grants you flight.
   Will:      It increases your willpower.
Wands
 l - a wand of iceblast (4)
 m - a wand of acid (3)
Scrolls
 k - 4 scrolls of blinking
 n - 3 scrolls of fog
Potions
 f - a potion of curing
 g - 7 potions of heal wounds
 h - 4 potions of haste
 i - 3 potions of magic
 j - a potion of berserk rage
 o - a potion of resistance


   Skills:
 + Level 6.5 Fighting
 - Level 8.4 Short Blades
 + Level 0.0(3.1) Long Blades
 + Level 4.7 Throwing
 + Level 7.1 Dodging
 + Level 9.9 Stealth
 - Level 8.5 Shields
 + Level 6.6 Evocations


You had 7 spell levels left.
You didn't know any spells.
Your spell library was empty.

Dungeon Overview and Level Annotations

Branches:
Dungeon (1/1)

Altars:
Cheibriados
Dithmenos
Fedhas
Gozag
Kikubaaqudgha
Makhleb
Okawaru
Qazlal
Ru
Sif Muna
Trog
Uskayaw
Vehumet
Wu Jian
Xom
Yredelemnul
Zin
The Shining One
Beogh
Jiyva
Lugonu

Shops:
D *[??*?*:[((!!!!


Innate Abilities, Weirdness & Mutations

You are small and have problems with some larger weapons.
You are completely attuned to the shadows.


Message History

Score multiplier: 4x You now have 138 arena points (gained 84).
You now have 383 gold pieces (gained 63).
You now have enough gold to petition Gozag for potion effects.
You now have 503 gold pieces (gained 120).
There is an entrance to Byurean's Distillery here.
There is an entrance to Woap's Distillery here.
You can't go down here!
There is an entrance to Weno Se Pur's Bottled Wisdom here.
You no longer have enough gold to petition Gozag for potion effects.
v - a potion of experience Thank you for shopping at Weno Se Pur's Bottled Wisdom!
Unknown command.
You feel more experienced!
Your Fighting skill increases to level 6!
Your Short Blades skill gained 2 levels and is now at level 8!
Your Throwing skill gained 2 levels and is now at level 4!
Your Dodging skill gained 2 levels and is now at level 7!
Your Stealth skill increases to level 9!
Your Evocations skill increases to level 6!
You have reached level 8!
Get ready!
You see here a +0 glaive.
ROUND 4!
FIGHT!
You sense a tension in the west.
An ogre mage comes into view. It is wielding a +0 halberd.
The ogre mage hits you with a +0 halberd!
You hit the ogre mage.
The ogre mage is lightly wounded.
The ogre mage gestures at you while chanting.
You suddenly lose the ability to move!
The ogre mage hits you with a +0 halberd.
The ogre mage gestures at you while chanting.
The bolt of magma hits you!! You partially resist.
Ouch! That really hurt!
The ogre mage hits you with a +0 halberd.
* * * LOW HITPOINT WARNING * * *
The ogre mage hits you with a +0 halberd!
You die...
Your body crumbles into a pile of gold.

#_......._# #_......._#
###.........##
#⌠...........⌠
######.8.........8.
##.___......###.....
###∩........8.# #.8...
##...[.........###.....
#⌠.).O@.....###...###..
#⌠..........# #.<.# #..
#⌠..........###...###..
##.............###.....
###∩........8.# #.8...
##∩___......###.....
######.8.........8.
#⌠...........⌠
###.........##


You could see an ogre mage.

Vanquished Creatures
  Sigmund (D)
  2 nagas (D)
  4 adders (D)
  An orc (D)
  A goblin (D)
  3 hobgoblins (D)
  2 quokkas (D)
  A ball python (D)
  A ball python skeleton (D)
  A frilled lizard (D)
17 creatures vanquished.

Notes
Turn   | Place    | Note
-------+----------+-------------------------------------------
     0 | D        | MikeHunt the Kobold Brigand began the quest for the Orb.
     0 | D        | Reached XP level 1. HP: 12/12 MP: 1/1
     5 | D        | Round 1.
     6 | D        | Found a basalt altar of Yredelemnul.
     7 | D        | Found a snail-covered altar of Cheibriados.
     8 | D        | Found a glowing golden altar of the Shining One.
     9 | D        | Found Detoxting's Identification Station.
    10 | D        | Found Iphagoe's Advanced Armour.
    15 | D        | Found Kylesk's Jewellery.
    16 | D        | Found an ornate altar of the Wu Jian Council.
    16 | D        | Found a burning altar of Makhleb.
    16 | D        | Found an opulent altar of Gozag.
    21 | D        | Became a worshipper of Gozag Ym Sagoz the Greedy
    22 | D        | Found an ancient bone altar of Kikubaaqudgha.
    26 | D        | Found a viscous altar of Jiyva.
    28 | D        | Found Seocapha's Magic Scroll Shop.
    29 | D        | Found a blossoming altar of Fedhas.
    29 | D        | Found a shimmering altar of Xom.
    29 | D        | Found Ixann's Staff Store.
    29 | D        | Found Hoelig Sekhla's Must-Have Magic.
    29 | D        | Found Osunec's Magic Scroll Shop.
    33 | D        | Found a glowing silver altar of Zin.
    35 | D        | Found a hide-covered altar of Uskayaw.
    36 | D        | Found a stormy altar of Qazlal.
    37 | D        | Found Byurean's Distillery.
    38 | D        | Found Woap's Distillery.
    38 | D        | Found Weno Se Pur's Bottled Wisdom.
    43 | D        | Found a shimmering blue altar of Sif Muna.
    43 | D        | Found a sacrificial altar of Ru.
    43 | D        | Found a radiant altar of Vehumet.
    43 | D        | Found Rilohimu's Do-It-Yourself Clinic.
    54 | D        | Found a shadowy altar of Dithmenos.
    55 | D        | Found a bloodstained altar of Trog.
    57 | D        | Found Zemuf's Weapon Rack.
    58 | D        | Found Voni's Basic Armour.
    58 | D        | Found Qup Zede's Miscellaneous Merchandise.
    60 | D        | Found Tausize's Premium Goods.
    60 | D        | Found a corrupted altar of Lugonu.
    60 | D        | Found an iron altar of Okawaru.
   128 | D        | Bought a bloodstained buckler for 332 gold pieces
   128 | D        | Identified the +0 buckler of Taudd {rPois rC+ Str-4 Dex+2}
                  | (You bought it in a shop in the Dungeon)
   179 | D        | Arena points: 12 (+12) [x2]
   180 | D        | Reached skill level 1 in Shields
   180 | D        | Reached XP level 2. HP: 8/17 MP: 2/2
   205 | D        | Round 2.
   211 | D        | Noticed Sigmund
   213 | D        | Killed Sigmund
   214 | D        | Reached XP level 3. HP: 12/21 MP: 3/3
   214 | D        | Reached XP level 4. HP: 15/26 MP: 4/4
   214 | D        | Reached XP level 5. HP: 18/30 MP: 5/5
   220 | D        | Bought a faintly glowing ruby amulet for 45 gold pieces
   220 | D        | Identified the amulet of Zaobosur {Reflect Fragile rF+
                  | Regen+ SH+5} (You bought it in a shop in the Dungeon)
   225 | D        | Bought a scintillating platinum ring for 45 gold pieces
   225 | D        | Identified the ring of Veihas {MP+9 Int+5} (You bought it
                  | in a shop in the Dungeon)
   225 | D        | Bought a wavering jade ring for 45 gold pieces
   225 | D        | Identified the ring of Azoah {Contam rN+ Str+7 Dex+5} (You
                  | bought it in a shop in the Dungeon)
   225 | D        | Bought a pitted turquoise ring for 45 gold pieces
   225 | D        | Identified the ring of Kuvanwim {Fly rC+ Will+ Dex+3} (You
                  | bought it in a shop in the Dungeon)
   287 | D        | Bought 3 potions of heal wounds for 105 gold pieces
   307 | D        | Reached skill level 6 in Stealth
   307 | D        | Reached skill level 1 in Evocations
   333 | D        | Arena points: 54 (+42) [x3]
   402 | D        | Round 3.
   409 | D        | Noticed a naga
   409 | D        | Noticed a naga
   417 | D        | Killed a naga
   418 | D        | Reached skill level 5 in Short Blades
   418 | D        | Reached skill level 7 in Stealth
   418 | D        | Reached XP level 6. HP: 31/38 MP: 6/6
   425 | D        | Killed a naga
   426 | D        | Reached skill level 5 in Fighting
   426 | D        | Reached skill level 5 in Dodging
   426 | D        | Reached skill level 8 in Stealth
   426 | D        | Reached XP level 7. HP: 37/44 MP: 7/7
   434 | D        | Bought a +0 quick blade for 450 gold pieces
   505 | D        | Reached skill level 5 in Evocations
   557 | D        | Arena points: 138 (+84) [x4]
   588 | D        | Bought a potion of experience for 300 gold pieces
   588 | D        | Reached skill level 9 in Stealth
   588 | D        | Reached XP level 8. HP: 52/52 MP: 8/8
   603 | D        | Round 4.
   608 | D        | Noticed an ogre mage
   611 | D        | Paralysed by an ogre mage for 5 turns
   615 | D        | Slain by an ogre mage

Illustrated notes

Levels and vault maps discovered:
D:        arena_sprint

Skill      XL: |  1  2  3  4  5  6  7 |
---------------+----------------------+-----
Short Blades   | 3 5 6 8 |  8.4
Dodging        | 2 4 5 7 |  7.1
Shields        | 1 8 |  8.5
Stealth        | 7 8 9 |  9.9
Evocations     | 3 4 6 |  6.6
Fighting       | 4 5 6 |  6.5
Throwing       | 4 |  4.7

Action                   |  1- 3 |  4- 6 |  7- 9 || total
-------------------------+-------+-------+-------++-------
Melee: Dagger            |    23 |    33 |    11 ||    67
       Quick blade       |       |       |    10 ||    10
Throw: Dart              |       |       |     2 ||     2
Evoke: Wand              |     2 |     1 |       ||     3
  Use: Potion            |       |       |     1 ||     1
 Stab: Distracted        |     1 |       |       ||     1
Armor: Robe              |     1 |     2 |       ||     3
Dodge: Dodged            |    11 |     9 |     4 ||    24
Block: Buckler           |     2 |    17 |    10 ||    29

Table legend: (Time is in decaauts)
 A = Elapsed time spent in this place.
 B = Non-inter-level travel time spent in this place.
 C = Inter-level travel time spent in this place.
 D = Time resting spent in this place.
 E = Time spent auto-exploring this place.
 F = Levels seen in this place.
 G = Mean time per level.
                   A        B        C        D        E       F      G
               +--------+--------+--------+--------+--------+-----+--------+
         Total |    593 |    593 |      0 |      0 |      0 |   1 |  593.0 |
       Dungeon |    593 |    593 |      0 |      0 |      0 |   1 |  593.0 |
               +--------+--------+--------+--------+--------+-----+--------+

Top non-repeatable levels by time:
       D: 593 daAuts
